 Dungeon Crawl Stone Soup version 0.20-a0-705-gbe8799e (webtiles) character file.

347 M4edhros the Poker (level 6, 0/33 HPs)
             Began as an Octopode Chaos Knight on Feb 21, 2017.
             Slain by an orc
             ... wielding a +0 flail
              (19 damage)
             ... on level 3 of the Dungeon.
             The game lasted 00:07:23 (13816 turns).

M4edhros the Poker (Octopode Chaos Knight)         Turns: 13816, Time: 00:07:24

Health: 0/33       AC:  1    Str: 16    XL:     6   Next: 59%
Magic:  6/6        EV: 13    Int: 14    God:    Xom [*.....]
Gold:   289        SH:  0    Dex: 13    Spells: 5/5 levels left

rFire    . . .     SeeInvis .   k - +3 quarterstaff (chaos)
rCold    . . .     Gourm    .   (shield currently unavailable)
rNeg     . . .     Faith    .   (helmet restricted)
rPois    .         Spirit   .   (no amulet)
rElec    +         Reflect  .   (no ring)
rCorr    .         Harm     .   (no ring)
MR       .....                  (no ring)
Stlth    ++........             (no ring)
Regen    0.2/turn               (no ring)
MPRegen  0.1/turn               (no ring)
                                (no ring)
                                (no ring)

@: no status effects
A: almost no armour, stealthy swim, amphibious, 8 rings, constrict 8, antennae
1, camouflage 1, frail 2, high mp 1, screaming 1, electricity resistance, strong
2, gelatinous body 1, evolution 1
a: Renounce Religion


You were on level 3 of the Dungeon.
You worshipped Xom.
You were a special plaything of Xom.
You were very hungry.

You visited 1 branch of the dungeon, and saw 3 of its levels.

You collected 289 gold pieces.

Inventory:

Hand Weapons
 a - a +0 spear of chaos
 k - a +3 quarterstaff of chaos (weapon)
Missiles
 c - 104 stones (quivered)
 n - 4 curare-tipped needles
Scrolls
 e - a scroll of fog {unknown}
 i - a scroll of random uselessness {unknown}
 j - a scroll of teleportation {unknown}
 m - a scroll of identify {unknown}
Potions
 f - a potion of might {unknown}
 g - 2 potions of curing {unknown}
 h - 2 potions of flight {unknown}
 l - a potion of invisibility {unknown}
Comestibles
 b - 2 bread rations
 d - a royal jelly


   Skills:
 - Level 3.0 Fighting
 + Level 7.2 Polearms
 - Level 2.3 Dodging


You had 5 spell levels left.
You didn't know any spells.

Dungeon Overview and Level Annotations

Branches:
Dungeon (3/15)

Altars:
Elyvilon
Nemelex Xobeh
Xom


Innate Abilities, Weirdness & Mutations

You cannot wear most types of armour.
You are very stealthy in the water. (Stealth+)
You are amphibious.
You can wear up to eight rings at the same time.
You can use your tentacles to constrict eight enemies at once.
Your skin changes colour to match your surroundings (Stealth+).
Your rubbery body absorbs attacks. (AC +1, EV +1)
You have a pair of small antennae on your head.
You are very frail. (-20% HP)
You have an increased reservoir of magic. (+10% MP)
You occasionally shout uncontrollably at your foes.
You are resistant to electric shocks. (rElec)
Your muscles are very strong. (Str +4)
You evolve.


Message History

You sock the jackal! You freeze the jackal.
You kill the jackal!
You barely miss the orc. Your grab misses the orc. The orc hits you.
You barely miss the orc. You grab the orc. You constrict the orc.
The orc hits you.
You hit the orc. You squeeze the orc.
You kill the orc!
You barely miss the orc. You grab the orc. You squeeze the orc.
The orc is heavily wounded.
You constrict the orc. The orc hits you with a flail.
You hit the orc.
You kill the orc!
You completely miss the orc. Your grab misses the orc.
Your squeeze misses the orc. The orc closely misses you.
You hit the orc.
The orc goes berserk!
You grab the orc.
The orc is heavily wounded.
You constrict the orc. The orc hits you with a flail!!
Ouch! That really hurt!
You die... "It was about time."

#.###### #.#
##......####.#
.............#
#.####.###### #.#
#.# #.# #.# #.#
#.#
...#######.####.#
......ro@.......#
.....#o###.######
... ... #.# .
.⌠.#. ..# .....o.
##.# .... #. ..#
.._ .. #.# ... #.
#.#


You could see 2 orcs and a rat.

Vanquished Creatures
  Crazy Yiuf (D:2)
  Jessica (D:2)
  A worker ant zombie (D:3)
  5 adders
  An ooze (D:3)
  A worm (D:2)
  2 dart slugs (D:1)
  5 leopard geckos
  9 orcs
  A ball python (D:1)
  5 giant cockroaches
  5 goblins
  9 hobgoblins
  10 jackals
  2 quokkas (D:2)
  10 bats
  4 frilled lizards
  9 kobolds
  23 rats
104 creatures vanquished.

Vanquished Creatures (collateral kills)
  A hippogriff (D:1)
  A dart slug (D:1)
2 creatures vanquished.

Vanquished Creatures (others)
  A bat (D:1)
  A withered plant (D:3)
2 creatures vanquished.

Grand Total: 108 creatures vanquished

Notes
Turn   | Place    | Note
-------+----------+-------------------------------------------
     0 | D:1      | M4edhros the Octopode Chaos Knight began the quest for the Orb.
     0 | D:1      | Reached XP level 1. HP: 16/16 MP: 1/1
    33 | D:1      | XOM: silly message
   264 | D:1      | XOM: harmless Air miscast
   408 | D:1      | XOM: divination: detect creatures
   475 | D:1      | XOM: harmless Conj miscast
  1085 | D:1      | Reached XP level 2. HP: 21/21 MP: 2/2
  1904 | D:1      | XOM: harmless Hex miscast
  1944 | D:1      | XOM: harmless Chrm miscast
  2758 | D:1      | XOM: harmless Conj miscast
  2780 | D:1      | XOM: divination: magic mapping
  3093 | D:1      | Reached skill level 4 in Polearms
  3180 | D:1      | Reached XP level 3. HP: 26/26 MP: 3/3
  3364 | D:1      | XOM: noise
  3691 | D:1      | XOM: harmless Conj miscast
  4260 | D:1      | XOM: give mutations
  4260 | D:1      | Gained mutation: You are frail. (-10% HP) [Xom's mischief]
  4260 | D:1      | Gained mutation: Scrolls take you a little longer to read. [Xom's mischief]
  4318 | D:1      | XOM: give mutations
  4318 | D:1      | Gained mutation: Your magical capacity is low. (-10% MP) [Xom's mischief]
  4318 | D:1      | Lost mutation: You are frail. (-10% HP) [Xom's mischief]
  4318 | D:1      | Gained mutation: You evolve. [Xom's mischief]
  4461 | D:1      | XOM: 6-stop teleportation journey
  4691 | D:1      | XOM: god gift: 47 gold pieces
  5492 | D:1      | XOM: medium Hex miscast
  5547 | D:1      | Lost mutation: Scrolls take you a little longer to read. [evolution]
  5796 | D:1      | Noticed a hippogriff
  5807 | D:1      | XOM: polymorph hobgoblin -> dart slug
  5815 | D:1      | XOM: summons 3 friendly demons
  5821 | D:1      | Killed a hippogriff
  5821 | D:1      | Reached skill level 5 in Polearms
  5821 | D:1      | Reached XP level 4. HP: 27/31 MP: 3/3
  5821 | D:1      | Reached XP level 5. HP: 31/36 MP: 4/4
  5912 | D:1      | Reached skill level 6 in Polearms
  6334 | D:1      | Gained mutation: Your muscles are strong. (Str +2) [evolution]
  6344 | D:1      | Noticed an ettin
  7094 | D:2      | XOM: 6-stop teleportation journey
  7476 | D:2      | Noticed Jessica
  7480 | D:2      | Killed Jessica
  7969 | D:2      | XOM: divination: magic mapping
  8167 | D:2      | XOM: mild Hex miscast
  8233 | D:2      | XOM: cloud trail
  8248 | D:2      | XOM: divination: detect creatures
  8364 | D:2      | XOM: medium Tmut miscast
  8387 | D:2      | XOM: divination: magic mapping
  8419 | D:2      | XOM: mild Tmut miscast
  8451 | D:2      | Reached XP level 6. HP: 24/42 MP: 5/5
  8478 | D:2      | XOM: divination: detect creatures
  8740 | D:2      | XOM: 3-stop teleportation journey
  9152 | D:2      | XOM: harmless Hex miscast
  9269 | D:2      | XOM: mild Air miscast
  9295 | D:2      | XOM: mild Tloc miscast
  9296 | D:2      | Noticed a spatial vortex
  9964 | D:3      | XOM: god gift: 20 gold pieces
 10020 | D:3      | Found a sparkling altar of Nemelex Xobeh.
 10545 | D:3      | Gained mutation: You have a pair of small antennae on your head. [evolution]
 10614 | D:3      | XOM: 4-stop teleportation journey
 11179 | D:2      | XOM: give mutations
 11179 | D:2      | Lost mutation: Your magical capacity is low. (-10% MP) [Xom's mischief]
 11179 | D:2      | Gained mutation: You occasionally shout uncontrollably at your foes. [Xom's mischief]
 11179 | D:2      | Lost mutation: You evolve. [Xom's mischief]
 11332 | D:2      | Found a runed door.
 11561 | D:2      | XOM: god gift: 45 gold pieces
 11729 | D:2      | XOM: give mutation
 11729 | D:2      | Gained mutation: Your muscles are very strong. (Str +4) [Xom's grace]
 12103 | D:2      | XOM: give mutations
 12103 | D:2      | Gained mutation: You are resistant to electric shocks. (rElec) [Xom's grace]
 12103 | D:2      | Gained mutation: You evolve. [Xom's grace]
 12290 | D:2      | Noticed Crazy Yiuf
 12293 | D:2      | Killed Crazy Yiuf
 12342 | D:2      | XOM: medium Tmut miscast
 12450 | D:1      | XOM: enchant monster (good)
 12562 | D:1      | Reached skill level 7 in Polearms
 12701 | D:1      | XOM: scenery: create altars
 12703 | D:1      | XOM: fake destruction
 12715 | D:1      | XOM: scenery: create altars
 12723 | D:1      | XOM: cleaving
 12727 | D:1      | XOM: divine lightning (protected)
 12738 | D:1      | XOM: cast spell 'Cause Fear'
 12758 | D:1      | XOM: enchant monster (bad)
 12759 | D:1      | Noticed an ice dragon
 12759 | D:1      | an ettin changed into an ice dragon
 12759 | D:1      | XOM: polymorph ettin -> ice dragon
 13039 | D:2      | XOM: noise
 13242 | D:2      | XOM is BORED!
 13242 | D:2      | XOM: summons 3 hostile demons
 13454 | D:3      | XOM: scenery: create altars
 13460 | D:3      | Gained mutation: You have an increased reservoir of magic. (+10% MP) [evolution]
 13606 | D:3      | XOM: give mutations
 13606 | D:3      | Gained mutation: You are frail. (-10% HP) [Xom's mischief]
 13606 | D:3      | Gained mutation: You are very frail. (-20% HP) [Xom's mischief]
 13800 | D:3      | Found a white marble altar of Elyvilon.
 13816 | D:3      | Slain by an orc

Vault maps used:
D:1:      minmay_arrival_glassed_features, minmay_rat_gold_closets
D:2:      uniq_crazy_yiuf_cottage, uniq_jessica
D:3:      elyvilon_altar_5, gammafunk_temple_overflow_pools, serial_undead,
          serial_undead_a, serial_undead_f, serial_undead_b, serial_undead_d,
          serial_undead_c, serial_undead_b, nemelex_dance_club_becter

Skill      XL: |  1  2  3  4  5  6 |
---------------+-------------------+-----
Polearms       | 4 5 6 7 |  7.2
Fighting       | |  3.0
Dodging        | |  2.3

Action                   |  1- 3 |  4- 6 || total
-------------------------+-------+-------++-------
Melee: Spear             |    90 |   118 ||   208
       Tentacles         |    12 |    20 ||    32
       Constrict         |    14 |    35 ||    49
       Quarterstaff      |       |    40 ||    40
 Stab: Sleeping          |     6 |    10 ||    16
       Paralysed         |     1 |     1 ||     2
       Distracted        |       |     2 ||     2
       Petrifying        |       |     1 ||     1
  Eat: Chunk             |    15 |    23 ||    38
Armor: Skin              |    10 |     5 ||    15
Dodge: Dodged            |    21 |    71 ||    92
